 Dungeon Crawl Stone Soup version 0.31-a0-229-g1fc7ce93e2 (webtiles) character file.

Game seed: 8767488029618210422

27 qw the Shooter (level 2, -1/24 HPs)
             Began as a Minotaur Hexslinger on July 6, 2023.
             Slain by a worm (6 damage)
             ... on level 2 of the Dungeon.
             The game lasted 00:00:20 (898 turns).

qw the Shooter (Minotaur Hexslinger)                 Turns: 898, Time: 00:00:21

Health: -1/24      AC:  7    Str: 12    XL:     2   Next: 93%
Magic:  2/2        EV: 11    Int: 10    God:
Gold:   19         SH:  0    Dex: 12    Spells: 2/3 levels left

rFire   + . .        Y - +1 sling
rCold   . . .        (no shield)
rNeg    . . .        k - +0 leather armour
rPois   .            (helmet restricted)
rElec   .            (no cloak)
rCorr   .            (no gloves)
SInv    .            (no boots)
Will    .....        (no amulet)
Stlth   +            d - ring of protection from fire
HPRegen 0.24/turn    h - +4 ring of protection
MPRegen 0.08/turn

%: no passive effects
@: about to teleport
A: horns 2, retaliatory headbutt
a: no special abilities


You were on level 2 of the Dungeon.
You visited 1 branch of the dungeon, and saw 2 of its levels.

You collected 85 gold pieces.
You spent 66 gold pieces at shops.


Innate Abilities, Weirdness & Mutations

You have a pair of horns on your head.
You reflexively headbutt those who attack you in melee.


   Skills:
 - Level 2.0 Fighting
 + Level 3.5 Ranged Weapons
 - Level 2.1 Dodging
 - Level 1.0 Spellcasting
 - Level 2.0 Hexes


You had 2 spell levels left.
You knew the following spells:

 Your Spells              Type           Power      Damage    Failure   Level
a - Slow                  Hex            16%        N/A       19%         1

Your spell library contained the following spells:

 Spells                   Type           Power      Damage    Failure   Level
 Inner Flame              Hex/Fire       2%         N/A       65%         3
 Portal Projectile        Hex/Tloc       4%         N/A       65%         3
 Cause Fear               Hex            2%         N/A       88%         4

Inventory:

Hand Weapons
 Y - a +1 sling (weapon)
Armour
 b - a +0 ring mail
 k - a +0 leather armour (worn)
Jewellery
 d - a ring of protection from fire (left hand)
 h - a +4 ring of protection (right hand)
Potions
 i - a potion of degeneration {unknown}
 j - 3 potions of curing
 m - 2 potions of mutation {unknown}

Dungeon Overview and Level Annotations

Branches:
Dungeon (2/15)

Altars:

Shops:
D:2 !


Message History

The sling bullet hits the bat but does no damage.
You shoot a sling bullet. The sling bullet hits the bat.
You kill the bat!
You shoot a sling bullet. The sling bullet hits the worm.
The worm is moderately wounded.
A worm is nearby!
Enter note:
Enter note: You shoot a sling bullet.
The sling bullet hits the worm.
The worm is moderately wounded.
The worm bites you.
You shoot a sling bullet.
The sling bullet barely misses the worm.
You shoot a sling bullet. The sling bullet hits the worm.
The worm is moderately wounded.
The worm barely misses you.
You shoot a sling bullet. The sling bullet hits the worm.
The worm is moderately wounded.
The worm closely misses you.
You shoot a sling bullet. The sling bullet hits the worm.
The worm is moderately wounded.
The worm bites you!
You shoot a sling bullet.
The sling bullet barely misses the worm.
You shoot a sling bullet. The sling bullet hits the worm.
The worm is heavily wounded.
The worm bites you.
You shoot a sling bullet. The sling bullet hits the worm.
The worm is heavily wounded.
The worm closely misses you.
You shoot a sling bullet. The sling bullet hits the worm.
The worm is severely wounded.
The worm bites you!
897 ||| READING scroll of teleportation.
As you read the scroll of teleportation, it crumbles to dust.
You feel strangely unstable.
You shoot a sling bullet. The sling bullet hits the worm.
The worm is severely wounded.
The worm bites you.
You die...

####..##..
#...\....#.....#
..# ..# ..
##..#.#%%.#..####
.#....#
#..#...#..#....
.... #
#......%.##...##
.###
#...#..####...#
##
#...#..........
#...##.######.##
##...##.. #@...#
### ......w.####
######... #.%..
#....# ##...#
#...# #....


You could see a worm.

Vanquished Creatures
  A worm (D:2)
  A bat (D:2)
  2 endoplasms (D:1)
  A giant cockroach (D:1)
  4 hobgoblins
  4 jackals (D:2)
  A quokka (D:1)
  2 ball pythons (D:1)
  2 goblins (D:1)
  2 kobolds (D:1)
  A rat (D:1)
21 creatures vanquished.

Notes
Turn   | Place    | Note
-------+----------+-------------------------------------------
     0 | D:1      | qw the Minotaur Hexslinger began the quest for the Orb.
     0 | D:1      | Reached XP level 1. HP: 16/16 MP: 1/1
     0 | D:1      | 0 ||| qw: Version: 0.3-a-46-gb1f654a
     0 | D:1      | 0 ||| qw: Game counter: 1713
     0 | D:1      | 0 ||| qw: Melee chars always use a shield: true
     0 | D:1      | 0 ||| qw: God list: Okawaru
     0 | D:1      | 0 ||| qw: Allow faded altars: false
     0 | D:1      | 0 ||| qw: Do Orc after clearing Dungeon:15 true
     0 | D:1      | 0 ||| qw: Do second Lair branch before Depths: true
     0 | D:1      | 0 ||| qw: Lair rune preference: random
     0 | D:1      | 0 ||| qw: Goals: Normal
     0 | D:1      | 0 ||| PLANNING D:1-11
   334 | D:1      | Reached skill level 3 in Ranged Weapons
   334 | D:1      | Reached XP level 2. HP: 23/23 MP: 2/2
   643 | D:1      | 643 ||| UPGRADING to +0 leather armour.
   653 | D:1      | 653 ||| DROPPING +0 robe.
   654 | D:1      | 654 ||| UPGRADING to ring of protection from fire.
   655 | D:1      | 655 ||| UPGRADING to +4 ring of protection.
   656 | D:1      | 656 ||| READING scroll labelled JYBENA KOGOTH.
   657 | D:1      | 657 ||| READING scroll labelled AMUN BEBAB.
   658 | D:1      | 658 ||| READING scroll labelled QIKHLI KECANIKE.
   661 | D:1      | 661 ||| READING scroll labelled ATZINI IRUANWENG.
   662 | D:1      | 662 ||| DROPPING scroll of poison.
   840 | D:2      | Found Zuelaan's Distillery.
   875 | D:2      | 875 ||| SHOPLISTING 2 potions of mutation (176 gold, have
                  | 85).
   875 | D:2      | 875 ||| SHOPLISTING potion of cancellation (88 gold, have
                  | 85).
   875 | D:2      | 875 ||| BUYING potion of curing (33 gold).
   875 | D:2      | Bought a potion of curing for 33 gold pieces
   875 | D:2      | 875 ||| BUYING potion of curing (33 gold).
   875 | D:2      | Bought a potion of curing for 33 gold pieces
   875 | D:2      | 875 ||| SHOPLISTING potion of haste (110 gold, have 19).
   875 | D:2      | 875 ||| SHOPLISTING potion of heal wounds (55 gold, have
                  | 19).
   875 | D:2      | 875 ||| SHOPLISTING potion of might (44 gold, have 19).
   896 | D:2      | HP: 4/24 [worm (8)]
   897 | D:2      | 897 ||| READING scroll of teleportation.
   898 | D:2      | Slain by a worm

Levels and vault maps discovered:
D:1:      wander_arrival_abandoned_jail, layout_loops_ring
D:2:      layout_basic, serial_shops, nicolae_shop_advertising_works
          [nicolae_subvault_shop_adworks]

Skill      XL: |  1  2 |
---------------+-------+-----
Ranged Weapons | 3 |  3.5
Fighting       | 2 |  2.0
Dodging        | |  2.1
Spellcasting   | |  1.0
Hexes          | |  2.0

Action                     || total
---------------------------++-------
   Fire: Sling             ||    76
    Use: Scroll            ||     5
 Armour: Robe              ||     1
         Leather armour    ||     6
  Dodge: Dodged            ||    21

Table legend:
 A = Non-vault XP
 B = Vault XP
 C = Vault XP percentage of total XP
 D = Non-vault monster count
 E = Vault monster count
 F = Vault count percentage of total count
                 A         B        C        D         E       F
            +---------+---------+-------+---------+---------+-------
      Total |      39 |       0 |   0.0 |      21 |       0 |   0.0
            +---------+---------+-------+---------+---------+-------
        D:1 |      20 |       0 |   0.0 |      13 |       0 |   0.0
        D:2 |      19 |       0 |   0.0 |       8 |       0 |   0.0
            +---------+---------+-------+---------+---------+-------
